 Dungeon Crawl Stone Soup version 0.22-a0-292-g0df9d5f (webtiles) character file.

59 Gildeon the Slasher (level 3, -2/30 HPs)
             Began as a Demigod Fighter on Mar 24, 2018.
             Slain by an ogre
             ... wielding a +0 giant spiked club
              (27 damage)
             ... on level 3 of the Dungeon.
             The game lasted 00:05:16 (1635 turns).

Gildeon the Slasher (Demigod Fighter)               Turns: 1635, Time: 00:05:17

Health: -2/30      AC:  6    Str: 21    XL:     3   Next: 54%
Magic:  5/5        EV:  9    Int: 12    God:
Gold:   119        SH:  0    Dex: 15    Spells: 2/2 levels left

rFire    . . .     SeeInvis .   a - +0 long sword
rCold    . . .     Gourm    .   (no shield)
rNeg     . . .     Faith    .   i - +0 scale mail (curse)
rPois    .         Spirit   .   (no helmet)
rElec    .         Reflect  .   (no cloak)
rCorr    .         Harm     .   (no gloves)
MR       .....                  (no boots)
Stlth    ..........             (no amulet)
HPRegen  0.10/turn              (no ring)
MPRegen  0.09/turn              (no ring)

@: no status effects
A: high mp 1
a: no special abilities


You were on level 3 of the Dungeon.
You were not hungry.

You visited 1 branch of the dungeon, and saw 3 of its levels.

You collected 119 gold pieces.

Inventory:

Hand Weapons
 a - a +0 long sword (weapon)
Armour
 b - a +0 scale mail
 i - a cursed +0 scale mail (worn)
Scrolls
 e - a scroll of teleportation
 h - 2 scrolls of identify
Potions
 c - a potion of curing
 d - a potion of might
 g - a potion of flight
Comestibles
 f - 3 rations
 j - 4 chunks of flesh


   Skills:
 - Level 2.6 Fighting
 + Level 3.8 Long Blades
 - Level 2.6 Armour
   Level 2.6 Shields


You had 2 spell levels left.
You didn't know any spells.

Dungeon Overview and Level Annotations

Branches:
Dungeon (3/15)


Innate Abilities, Weirdness & Mutations

You have an increased reservoir of magic. (+10% MP)


Message History

The ogre shouts!
The rat bites you.
You closely miss the rat. The rat completely misses you.
You riposte.
You hit the rat.
The rat is heavily wounded.
You closely miss the rat.
The rat is heavily wounded.
The rat barely misses you.
You closely miss the rat.
The rat is heavily wounded.
The rat barely misses you.
You riposte.
You hit the rat but do no damage.
The rat is heavily wounded.
You barely miss the rat.
The rat is heavily wounded.
The rat bites you but does no damage.
You hit the rat.
You kill the rat!
The ogre hits you with a giant spiked club!!
Ouch! That really hurt!
You die...

........#................
........#................
....#+###................
... ###.#.......#####..
## #...#......... .
#...#.......###
#..##.........
#..'........##
#..##.@.###..
#####.O.......
#.......... +..........
#.......#+# #.......#
#.......# ........#


You could see an ogre.

Vanquished Creatures
  A gnoll (D:1)
  An adder (D:3)
  2 dart slugs (D:1)
  A leopard gecko (D:1)
  4 bats
  4 giant cockroaches
  5 goblins
  3 hobgoblins
  6 kobolds
  7 rats
34 creatures vanquished.

Notes
Turn   | Place    | Note
-------+----------+-------------------------------------------
     0 | D:1      | Gildeon the Demigod Fighter began the quest for the Orb.
     0 | D:1      | Reached XP level 1. HP: 18/18 MP: 3/3
    91 | D:1      | Reached skill level 2 in Long Blades
   228 | D:1      | Reached XP level 2. HP: 16/25 MP: 4/4
   656 | D:1      | Reached skill level 3 in Long Blades
  1047 | D:1      | Reached XP level 3. HP: 27/30 MP: 5/5
  1630 | D:3      | Noticed an ogre
  1635 | D:3      | Slain by an ogre

Vault maps used:
D:1:      elethiomel_arrival_maze, serial_forest, infiniplex_forest_clump_small,
          infiniplex_forest_clump_tiny, infiniplex_forest_clump_long,
          infiniplex_forest_clump_small, infiniplex_forest_end_3
D:2:      first_ration, minmay_tetromino_o2
D:3:      lemuel_coloured_pillars_altar, gup_sewer_entry_glass, uniq_terence,
          uniq_grinder

Skill      XL: |  1  2 |
---------------+-------+-----
Long Blades    | 2 3 |  3.8
Fighting       | |  2.6
Armour         | |  2.6
Shields        | |  2.6

Action                   || total
-------------------------++-------
Melee: Long sword        ||    96
  Use: Scroll            ||     8
  Eat: Ration            ||     1
       Chunk             ||     1
Armor: Scale mail        ||    54
Dodge: Dodged            ||    80
       Rpst.: Long sword ||    25

Table legend:
 A = Spawn XP
 B = Non-spawn XP
 C = Spawn XP percentage of total XP
 D = Spawn monster count
 E = Non-spawn monster count
 F = Spawn count percentage of total count
 G = Total turns spent on level
                    A         B        C        D         E        F      G
               +---------+---------+-------+---------+---------+-------+---------
         Total |       0 |      85 |   0.0 |       0 |      34 |   0.0 |  1635
               +---------+---------+-------+---------+---------+-------+---------
           D:1 |       0 |      55 |   0.0 |       0 |      22 |   0.0 |  1400
           D:2 |       0 |      16 |   0.0 |       0 |      10 |   0.0 |   163
           D:3 |       0 |      14 |   0.0 |       0 |       2 |   0.0 |    72
               +---------+---------+-------+---------+---------+-------+---------
